 Dungeon Crawl Stone Soup version 0.32-a0-40-g2adb59ae06 (console) character file.

Game seed: 18177210733558133341

378 petzl the Sneak (level 7, -2/50 (52) HPs)
             Began as a Formicid Delver on Jan 24, 2024.
             Slain by a sleepcap (10 damage)
             ... on level 4 of the Dungeon.
             The game lasted 00:14:19 (4475 turns).

petzl the Sneak (Formicid Delver)                   Turns: 4475, Time: 00:14:19

HP:   -2/50 (52)    AC:  6    Str: 16    XL:     7   Next: 4%
MP:   14/14         EV:  2    Int: 12    God:
Gold: 187           SH:  0    Dex: 15    Spells: 12/16 levels left

rFire   . . .        a - +0 mace
rCold   . . .        (no shield)
rNeg    . . .        k - +0 leather armour
rPois   .            (helmet unavailable)
rElec   .            y - +0 cloak
rCorr   .            w - +1 pair of gloves
SInv    +            (no boots)
Will    .....        (no amulet)
Stlth   +++          (no ring)
HPRegen 0.28/turn    (no ring)
MPRegen 0.14/turn

%: no passive effects
@: sleeping, lightly drained
A: permanent stasis, dig shafts and tunnels, antennae 3, four strong arms
a: Dig, Shaft Self


You were on level 4 of the Dungeon.
You visited 1 branch of the dungeon, and saw 6 of its levels.

You collected 187 gold pieces.

Inventory:

Hand Weapons
 a - a +0 mace (weapon)
 b - a +0 sling
Missiles
 j - 10 poisoned darts
Armour
 k - a +0 leather armour (worn)
 w - a +1 pair of gloves (worn)
 x - an orb of guile
 y - a +0 cloak (worn)
Jewellery
 n - a ring of willpower
Wands
 f - a wand of digging (3)
Scrolls
 c - 2 scrolls of fog
 d - 2 scrolls of revelation
 e - a scroll of silence {unknown}
 i - 2 scrolls of amnesia {unknown}
 p - 2 scrolls of immolation {unknown}
 q - 2 scrolls of teleportation {unknown}
 r - a scroll of poison {unknown}
 s - a scroll of noise {unknown}
 u - a scroll of vulnerability {unknown}
 v - 2 scrolls of acquirement {unknown}
 z - a scroll of enchant weapon {unknown}
Potions
 g - 4 potions of haste {unknown}
 h - 2 potions of enlightenment {unknown}
 l - a potion of might {unknown}
 m - 4 potions of curing {unknown}
 o - 2 potions of mutation {unknown}
 t - 2 potions of heal wounds {unknown}
 A - a potion of invisibility {unknown}


   Skills:
 - Level 3.2 Fighting
 - Level 2.0 Maces & Flails
 - Level 3.0 Ranged Weapons
 - Level 1.0 Throwing
 - Level 1.7 Dodging
 - Level 6.0 Stealth
 + Level 5.0 Spellcasting
 + Level 1.5 Translocations


You had 12 spell levels left.
You knew the following spells:

 Your Spells              Type           Power      Damage    Failure   Level
p - Passage of Golubria   Tloc           6%         N/A       78%         4

Your spell library contained the following spells:

 Spells                   Type           Power      Damage    Failure   Level
 Foxfire                  Conj/Fire      12%        2x1d4     24%         1
 Jinxbite                 Hex            6%         N/A       36%         2
 Searing Ray              Conj           6%         2d4       36%         2
 Silence                  Hex/Air        1%         N/A       100%        5
 Yara's Violent Unravell  Hex/Alch       1%         3d3       100%        5
 Starburst                Conj/Fire      1%         6d3       100%        6
 Enfeeble                 Hex            1%         N/A       100%        7
 Lehudib's Crystal Spear  Conj/Erth      1%         10d2      100%        8


Dungeon Overview and Level Annotations

Branches:
Dungeon (6/15)
 Temple: D:4-7

Altars:
Ashenzari
Fedhas

Annotations:
D:1 exclusion: downstairs
D:2 Sigmund
D:3 exclusion: downstairs
D:4 exclusion: downstairs
D:5 exclusion: sensed monster (detected)


Innate Abilities, Weirdness & Mutations

You cannot be hasted, slowed, berserked, paralysed or teleported.
You can dig through walls and to a lower floor.
You have a pair of large antennae on your head. (SInv)
Your four strong arms can wield two-handed weapons with a shield.


Message History

There is a stone staircase leading up here.
a - a +0 mace (weapon)
The helpless sleepcap fails to defend itself.
You hit the sleepcap.
The sleepcap is lightly damaged.
The sleepcap misses you.
You hit the sleepcap but do no damage.
The sleepcap is lightly damaged.
The sleepcap releases spores at you!
You are engulfed in a cloud of soporific spores!
You fall asleep.
The sleepcap releases spores at you!
You wake up.
Unknown command.
Unknown command.
Unknown command.
Unknown command.
Unknown command.
The sleepcap releases spores at you!
You are engulfed in a cloud of soporific spores!
You are unaffected.
You climb upwards.
Level annotation: exclusion: downstairs
There is a stone staircase leading down here.
The sleepcap attacks as it pursues you! The sleepcap releases spores at you!
* * * LOW HITPOINT WARNING * * *
You hit the sleepcap but do no damage.
The sleepcap is lightly damaged.
The sleepcap completely misses you.
Unknown command.
Unknown command.
Are you sure you want to shaft yourself?
The sleepcap releases spores at you but does no damage.
You begin to dig a shaft.
You continue digging a shaft.
The sleepcap releases spores at you!
* * * LOW HITPOINT WARNING * * *
You are engulfed in a cloud of soporific spores!
You fall asleep.
You stop digging.
The sleepcap releases spores at you!
You die...

##...........##.#.......#.#############
#.......##.###.#.......#.#
#####...##.)...#.....#.#.#
######...##...##....#.###.###
.........#..........#.......#
#######...[...[.############# ....#
####....#.# ###.# #....#.# { ###.#
#.####.# {{ ### ....# #.####.# { { {{{
#.# .#########......# { +.##
...........####.# { +..# ###.#...#..#
#.# { +..# ........#.## #.# { { #..#
###.#...#.# #.# #..# #.#.....#####.# {{
##.## #.#...#.......# #..#
#.#...#####...###### ##########.###
#.########.#.....@.# #.............
###.##..#....#.....f>#####........####.
..#.##..#.##.#.#.......##.........####'
..#....................##.###.######...
..####.#..###.(#.......##.# #.# ###.♣.
..# #.#...............##.# #.####.'.._
..# #.#.####..#.########.# #......#.♣.
..# #.#.# #....##### #O#######.##...
..# #.#.# #........# #.#...O.<..###'
### #.#.###########.# #.#.#..#.##.#..
#.#.##......# #.# #...........#.#
#.#)##.####.# #.# #.#.#.......#.#
#.#.........###.# #.#.#.#####....
#.####.##.......# #.#.#.. .O.....
#.####.##.####### #.#.##########.
#......##.##### ####.#.# .
#########.#...# #....#.. # #.#.#.#
#.###### #.#.#.# #.#


You could see a sleepcap.

Vanquished Creatures
  2 bombardier beetles
  A hound (D:3)
  A sleepcap (D:4)
  Natasha (twice) (D:4)
  3 orc wizards
  3 adders
  3 ribbon worms
  3 dart slugs
  6 orcs
  5 endoplasms
  5 giant cockroaches
  4 goblins
  6 hobgoblins
  4 jackals (D:1)
  4 quokkas
  4 ball pythons
  8 bats
  3 frilled lizards
  6 kobolds
  4 rats
77 creatures vanquished.

Vanquished Creatures (others)
  An orc wizard (D:3)
1 creature vanquished.

Grand Total: 78 creatures vanquished

Notes
Turn   | Place    | Note
-------+----------+-------------------------------------------
     0 | D:5      | petzl the Formicid Delver began the quest for the Orb.
     0 | D:5      | Reached XP level 1. HP: 18/18 MP: 1/1
     1 | D:6      | Noticed a scorpion
    38 | D:5      | Noticed an ice beast
    38 | D:5      | Noticed a phantom
    41 | D:4      | Noticed a sleepcap
    50 | D:4      | Killed a sleepcap
    51 | D:4      | Reached XP level 2. HP: 14/24 MP: 1/5
    51 | D:4      | Reached XP level 3. HP: 18/29 MP: 1/6
   494 | D:1      | Reached XP level 4. HP: 31/35 MP: 8/8
   506 | D:1      | Reached skill level 1 in Throwing
  1009 | D:2      | Noticed Sigmund
  1193 | D:3      | Found a broken altar of Ashenzari.
  1581 | D:2      | Reached skill level 1 in Ranged Weapons
  2191 | D:3      | Reached XP level 5. HP: 36/41 MP: 10/10
  2344 | D:3      | You fall into a shaft and drop 1 floor!
  3108 | D:3      | Reached XP level 6. HP: 47/47 MP: 12/12
  3222 | D:4      | Noticed an ogre
  3488 | D:4      | Got Raidwif's Grimoire of Striking
  3494 | D:4      | Learned a level 4 spell: Passage of Golubria
  3588 | D:4      | Noticed Natasha
  3605 | D:4      | Killed Natasha
  3625 | D:4      | Noticed Natasha
  3700 | D:4      | Killed Natasha
  3802 | D:4      | Reached skill level 1 in Translocations
  3853 | D:4      | Found a blossoming altar of Fedhas.
  4164 | D:4      | Reached skill level 5 in Spellcasting
  4164 | D:4      | Reached XP level 7. HP: 41/52 MP: 14/14
  4475 | D:4      | Slain by a sleepcap

Illustrated notes

Levels and vault maps discovered:
D:1:      ncdulo_smallfort, layout_rooms, nrook_mini_backslash
D:2:      layout_loops_ring, uniq_sigmund
D:3:      layout_rooms, cheibrodos_ashenzari_chains, serial_bayou,
          serial_bayou_pond_b, serial_bayou_crossing, serial_bayou_lagoon_a,
          serial_bayou_pond_d, serial_bayou_shore_b, minmay_cupped
D:4:      cheibrodos_fertilizer, layout_basic, kennysheep_little_box,
          uniq_natasha
D:5:      layout_loops_ring, nicolae_ru_awakened_eye
D:6:      layout_basic, nemelex_spade_bored_becter, lemuel_crystal_altar,
          mainiacjoe_overflow_alcove_1, minmay_temple_entry_butterflies,
          uniq_edmund

Skill      XL: |  1  2  3  4  5  6 |
---------------+-------------------+-----
Spellcasting   | 2 3 4 5 |  5.0
Throwing       | 1 |  1.0
Ranged Weapons | 1 2 3 |  3.0
Translocations | 1 |  1.5
Fighting       | |  3.2
Maces & Flails | |  2.0
Dodging        | |  1.7
Stealth        | |  6.0

Action                     |  1- 3 |  4- 6 |  7- 9 || total
---------------------------+-------+-------+-------++-------
  Melee: Mace              |    36 |   145 |     3 ||   184
   Fire: Sling             |     8 |   160 |       ||   168
Ability: Shaft Self        |       |     1 |     1 ||     2
         Dig               |       |     1 |     1 ||     2
    Use: Scroll            |       |     1 |       ||     1
   Stab: Sleeping          |     1 |     1 |     1 ||     3
 Armour: Leather armour    |    26 |   174 |     7 ||   207
  Dodge: Dodged            |    32 |   167 |     2 ||   201

Table legend: (Time is in decaauts)
 A = Elapsed time spent in this place.
 B = Non-inter-level travel time spent in this place.
 C = Inter-level travel time spent in this place.
 D = Time resting spent in this place.
 E = Time spent auto-exploring this place.
 F = Levels seen in this place.
 G = Mean time per level.
                   A        B        C        D        E       F      G
               +--------+--------+--------+--------+--------+-----+--------+
         Total |   4607 |   4258 |    349 |   1093 |   1366 |   6 |  767.8 |
       Dungeon |   4607 |   4258 |    349 |   1093 |   1366 |   6 |  767.8 |
               +--------+--------+--------+--------+--------+-----+--------+

Top non-repeatable levels by time:
     D:4: 1525 daAuts
     D:3: 1411 daAuts
     D:1: 812 daAuts
     D:2: 809 daAuts
     D:5: 46 daAuts
     D:6: 1 daAuts
